 Dungeon Crawl Stone Soup version 0.21-a0-81-gc5150db (webtiles) character file.

73129 Firecrotchwizard the Bludgeoner (level 15, -12/141 HPs)
             Began as a Minotaur Berserker on June 18, 2017.
             Was a High Priest of Trog.
             Mangled by an orc warrior
             ... wielding a +2 halberd of protection
              (15 damage)
             ... on level 2 of the Orcish Mines on June 24, 2017.
             The game lasted 00:48:25 (19836 turns).

Firecrotchwizard the Bludgeoner (MiBe)             Turns: 19836, Time: 00:48:25

Health: -12/141    AC: 28    Str: 27    XL:     15   Next: 3%
Magic:  4/4        EV: 17    Int:  4    God:    Trog [*****.]
Gold:   1616       SH:  8    Dex: 18    Spells: 14/14 levels left

rFire    . . .     SeeInvis .   b - +3 morningstar (antimagic)
rCold    . . .     Gourm    .   a - +3 buckler "Ryduenk" {Dex+3}
rNeg     . . .     Faith    +   D - +0 plate armour
rPois    .         Spirit   .   (helmet restricted)
rElec    .         Reflect  .   v - +2 cloak {MR+}
rCorr    +         Harm     .   R - +2 pair of gloves
MR       ++++.                  J - +2 pair of boots
Stlth    ..........             t - amulet of faith {Faith, !P}
HPRegen  1.33/turn              o - ring of resist corrosion
MPRegen  0.09/turn              l - +4 ring of strength

@: regenerating, studying Bows
A: retaliatory headbutt, horns 2
a: Berserk, Trog's Hand, Brothers in Arms, Burn Spellbooks, Renounce Religion


You were on level 2 of the Orcish Mines.
You worshipped Trog.
Trog was extremely pleased with you.
You were not hungry.

You visited 3 branches of the dungeon, and saw 20 of its levels.
You also visited: Labyrinth.

You collected 1876 gold pieces.
You spent 260 gold pieces at shops.

Inventory:

Hand Weapons
 b - a +3 antimagic morningstar (weapon)
   (Trog gifted it to you on level 6 of the Lair of Beasts)
 g - a +2 morningstar of protection
   (Trog gifted it to you on level 3 of the Lair of Beasts)
 s - a +3 morningstar of holy wrath
   (Trog gifted it to you on level 2 of the Orcish Mines)
Missiles
 f - 3 throwing nets {=f, !d}
Armour
 a - the +3 buckler "Ryduenk" (worn) {Dex+3}
   (You found it on level 8 of the Dungeon)

   It affects your dexterity (+3).
 v - a +2 cloak of magic resistance (worn)
   (You took it off Crazy Yiuf on level 2 of the Dungeon)
 D - a +0 plate armour (worn)
   (You found it on level 2 of the Dungeon)
 J - a +2 pair of boots (worn)
   (You bought it in a shop on level 7 of the Dungeon)
 R - a +2 pair of gloves (worn)
   (You found it on level 8 of the Dungeon)
Jewellery
 l - a +4 ring of strength (right hand)
   (You found it on level 2 of the Dungeon)
 m - an uncursed ring of see invisible {sInv, !d}
   (You found it on level 2 of the Dungeon)
 o - a ring of resist corrosion (left hand)
   (You found it in a labyrinth)
 t - an amulet of faith (around neck) {Faith, !P}
   (You found it on level 2 of the Dungeon)
 E - an uncursed ring of protection from cold {rC+, !d}
   (You found it on level 6 of the Dungeon)
Wands
 w - a wand of digging (21/24)
   (You took it off Crazy Yiuf on level 2 of the Dungeon)
 Q - a wand of paralysis (16/24)
   (You found it on level 8 of the Dungeon)
 T - a wand of digging (1/24)
   (You found it in a labyrinth)
Scrolls
 i - 2 scrolls of enchant weapon
 y - 4 scrolls of remove curse
 F - 4 scrolls of fear
 G - a scroll of enchant armour
 L - 2 scrolls of teleportation
 V - a scroll of magic mapping {!r}
 X - a scroll of blinking {!r}
 Y - 2 scrolls of fog
Potions
 h - 2 potions of cancellation
 j - 2 potions of brilliance
 n - 3 potions of flight
 q - a potion of lignification {unknown}
 u - 2 potions of agility
 x - a potion of mutation {!q}
 z - 6 potions of curing
 C - 2 potions of might
 N - a potion of magic {unknown}
 W - 2 potions of invisibility
Books
 e - a manual of Bows {!d}
   (You found it on level 6 of the Lair of Beasts)
Comestibles
 c - 14 bread rations {@e1}
 d - 7 meat rations {@e2}
 p - 9 fruits
 r - 26 chunks of flesh {@w0}
 M - 3 royal jellies


   Skills:
 + Level 15.5 Fighting
 - Level 16.4 Maces & Flails
 + Level 15.3 Armour
 + Level 13.9 Dodging
 - Level 4.1 Shields


You had 14 spell levels left.
You didn't know any spells.

Dungeon Overview and Level Annotations

Branches:
Dungeon (12/15)            Temple (0/1) D:4            Lair (6/6) D:9
 Shoals (0/4) Lair:4        Snake (0/4) Lair:4        Slime (0/5) Lair:5
    Orc (2/2) D:10            Elf (0/3) Orc:2

Altars:
Ashenzari
Cheibriados
Dithmenos
Fedhas
Makhleb
Okawaru
Qazlal
Ru
Vehumet

Shops:
D:4 (   D:7 [

Portals:
Hell: Lair:6

Annotations:
D:6 2 transporters
Lair:2 exclusion: oklob plant


Innate Abilities, Weirdness & Mutations

You reflexively headbutt those who attack you in melee.
You have a pair of horns on your head.


Message History

Trog accepts your kill.
You have reached level 15!
Your experience leads to an increase in your attributes!
Your base attributes are Str 23, Int 4, Dex 14.
Increase (S)trength, (I)ntelligence, or (D)exterity?
You feel agile.
You take 16 damage, and have 2/141 hp.
You feel much better.
Send 'em back where they came from!
Trog shields your ally from puny magic!
Your deep troll bites the orc high priest!!
Your deep troll claws the orc high priest!
Your deep troll claws the orc high priest!!
The orc high priest dies!
Trog accepts your kill.
The orange demon disappears in a puff of smoke!
You regained 20 hp, and now have 22/141 hp.
You feel better.
Your deep troll barely misses the orc knight.
Your deep troll claws the orc knight.
Your deep troll barely misses the orc knight.
Your deep troll bites the orc knight.
Your deep troll claws the orc knight.
Your deep troll claws the orc knight!!
The orc knight hits your deep troll with a great sword!!
You regained 10 hp, and now have 32/141 hp.
Your deep troll closely misses the orc knight. x2
Your deep troll claws the orc knight.
The orc knight hits you with a great sword!
* * * LOW HITPOINT WARNING * * *
Things that are here:
a long sword of holy wrath; a plate armour; an orc corpse You take 9 damage, and have 23/141 hp.
You barely miss the orc knight. You headbutt the orc knight.
The orc sorcerer no longer looks unusually strong.
Your deep troll bites the orc knight but does no damage.
Your deep troll claws the orc knight but does no damage.
Your deep troll claws the orc knight!
You hit the orc knight but do no damage.
Your headbutt misses the orc knight.
Your deep troll bites the orc knight but does no damage.
Your deep troll barely misses the orc knight.
Your deep troll closely misses the orc knight.
You block the orc warrior's attack. You block the orc knight's attack.
Your plate armour prevents you from hitting the orc knight.
You headbutt the orc knight!
Your deep troll barely misses the orc knight.
Your deep troll claws the orc knight!!
The orc knight dies!
Trog accepts your kill.
You hear some strange, mumbled words.
Your deep troll bites the orc sorcerer!
Your deep troll claws the orc sorcerer! x2
The orc sorcerer dies!
Trog accepts your kill.
Trog appreciates your killing of a magic user.
You impale the orc warrior!! You block the orc warrior's attack.
You barely miss the orc warrior.
The orc warrior hits you with a dire flail.
* * * LOW HITPOINT WARNING * * *
Your deep troll bites the orc warrior!
The orc warrior dies!
Trog accepts your kill.
MP restored: 4 An orc knight comes into view.
It is wielding a long sword.
You block something's attack.
The orc sorcerer hits you but does no damage.
Your deep troll bites the orc sorcerer.
Your deep troll closely misses the orc sorcerer.
Your deep troll claws the orc sorcerer!!
You block the orc warrior's attack. Something hits you but does no damage.
Things that are here:
a dire flail; a plate armour You regained 2 hp, and now have 28/141 hp.
You miss something.
Your deep troll bites the orc sorcerer!
The orc sorcerer dies!
Trog accepts your kill.
Trog appreciates your killing of a magic user.
The orc high priest utters an invocation to Beogh.
The orc warrior hits you with a halberd of protection!!
* * * LOW HITPOINT WARNING * * *
You take 17 damage, and have 11/141 hp. 2 orc priests come into view.
The orc priest shouts! x2
Your deep troll bites something!
Your deep troll claws something but does no damage.
Your deep troll claws something!
Trog accepts your kill.
Trog appreciates your killing of a magic user.
Reactivating autopickup.
You feel a bit more experienced.
The orc high priest hits you but does no damage.
The orc priest invokes the aid of Beogh against you.
Beogh smites you!
* * * LOW HITPOINT WARNING * * *
Send 'em back where they came from!
Your deep troll is no longer berserk.
Your deep troll disappears in a puff of smoke!
Some of the chunks of flesh in your inventory have rotted away.
You take 9 damage, and have 2/141 hp.
You closely miss the orc high priest. You headbutt the orc high priest!
The orc warrior hits you with a halberd of protection!
You die...

#.........#.##
...o
#...÷..#.###.#
....
#.............
...o.
#....#.......#
÷.÷÷.
##....###.#.###
#...÷. #....##
##...# #....#
##...## ##.##
#..÷..##)...#
### #.oo@)§).##
##.oo3..##
###...## #####


You could see an orc knight, 2 orc high priests, a sun demon, an orc warrior and
2 orc priests.

Vanquished Creatures
  2 dire elephants (Lair:6)
  A minotaur (Lab)
  8 hydras
  2 catoblepae
  5 two-headed ogres
  The ghost of McSplat the Quickloader, a journeyman KoHu of Makhleb (Lair:2)
  9 death yaks (Lair:6)
  Urug (D:12)
  An unseen horror (D:11)
  A wizard (Lair:6)
  An orc knight (Orc:2)
  An oklob plant (Lair:2)
  2 cyclopes (D:12)
  An ugly thing (D:9)
  Maurice (D:10)
  4 black mambas
  34 elephants
  A torpor snail (Lair:6)
  An orange demon (Lair:6)
  A gargoyle (D:12)
  A smoke demon (Lair:6)
  9 spiny frogs
  6 rime drakes
  An ice devil (Lair:6)
  11 komodo dragons
  2 minotaur zombies (Lab)
  3 red devils (Lair:6)
  6 trolls
  A polar bear (Lair:5)
  A dream sheep (Lair:4)
  26 blink frogs
  Prince Ribbit (D:8)
  6 hippogriffs
  A vampire (D:12)
  Sigmund (D:3)
  A wyvern (D:10)
  A spriggan (Lair:5)
  23 yaks
  A human (D:7)
  A basilisk (Lair:6)
  3 hogs (D:7)
  3 hungry ghosts
  4 vampire mosquitoes (D:10)
  2 wargs
  2 nagas (Lair:4)
  11 water moccasins
  3 hell hounds (Lair:6)
  6 porcupines
  An eye of draining (D:11)
  11 orc warriors
  4 sky beasts
  2 black bears
  3 ice beasts
  4 necrophages
  7 ogres
  10 wolves
  3 centaurs
  2 big kobolds
  16 crocodiles
  17 bullfrogs
  A wyvern zombie (D:7)
  An earth elemental (Lab)
  2 gnoll sergeants (D:8)
  2 scorpions
  A wyvern skeleton (D:6)
  5 killer bees (D:9)
  A troll skeleton (Lab)
  6 howler monkeys
  2 wights (D:11)
  3 electric eels (D:9)
  6 crimson imps
  3 bullfrog zombies
  2 centaur zombies
  2 lava snakes (D:8)
  7 hounds
  5 orc priests
  Crazy Yiuf (D:2)
  5 centaur skeletons
  3 jellies
  21 orc wizards
  7 iguanas
  3 bullfrog skeletons
  Natasha (thrice) (D:2)
  Ijyb (D:4)
  6 worker ants
  A hound skeleton (D:7)
  A hound zombie (D:8)
  10 gnolls
  9 adders
  4 shadow imps
  An ooze (D:1)
  5 worms
  12 leopard geckos
  43 orcs
  A ball python (D:3)
  5 giant cockroaches
  12 goblins
  4 hobgoblins
  3 jackals (D:4)
  13 kobolds
  4 quokkas
  12 bats
  6 frilled lizards
  2 quokka skeletons (D:7)
  5 rats
547 creatures vanquished.

Vanquished Creatures (collateral kills)
  An orc high priest (Orc:2)
  A sun demon (Lair:6)
  2 orc knights (Orc:2)
  2 orc sorcerers (Orc:2)
  An orange demon (Lair:6)
  2 orc warriors (Orc:2)
  A gnoll sergeant (Orc:2)
  3 orc wizards (Orc:2)
  3 gnolls (Orc:2)
  2 orcs (Orc:2)
18 creatures vanquished.

Vanquished Creatures (others)
  An orc priest (Orc:2)
  3 bushes
  89 fungi
  30 plants
123 creatures vanquished.

Grand Total: 688 creatures vanquished

Notes
Turn   | Place    | Note
-------+----------+-------------------------------------------
     0 | D:1      | Firecrotchwizard the Minotaur Berserker began the quest for the Orb.
     0 | D:1      | Reached XP level 1. HP: 19/19 MP: 0/0
   114 | D:1      | HP: 3/20 [kobold/short sword (4)]
   115 | D:1      | Reached XP level 2. HP: 4/27 MP: 1/1
   535 | D:1      | Reached skill level 3 in Armour
   568 | D:1      | Reached skill level 4 in Maces & Flails
   568 | D:1      | Reached XP level 3. HP: 31/33 MP: 2/2
   727 | D:1      | Upgraded the game from 0.21-a0-70-g32e1473 to 0.21-a0-81-gc5150db
   767 | D:2      | Noticed Natasha
   774 | D:2      | Killed Natasha
   774 | D:2      | Reached skill level 4 in Fighting
   873 | D:2      | Reached skill level 3 in Dodging
   875 | D:2      | Reached XP level 4. HP: 27/40 MP: 3/3
  1101 | D:2      | Noticed Natasha
  1105 | D:2      | Killed Natasha
  1283 | D:2      | Reached ** piety under Trog
  1301 | D:2      | Noticed Natasha
  1309 | D:2      | Killed Natasha
  1309 | D:2      | Reached skill level 5 in Maces & Flails
  1309 | D:2      | Reached XP level 5. HP: 41/47 MP: 4/4
  1580 | D:2      | Found a runed door.
  1638 | D:2      | Noticed Crazy Yiuf
  1643 | D:2      | Killed Crazy Yiuf
  1711 | D:3      | Found a faded altar of an unknown god.
  1787 | D:3      | Reached skill level 4 in Armour
  1806 | D:3      | Found a shattered altar of Ashenzari.
  1842 | D:3      | HP: 11/47 [poisoned by a kobold]
  1848 | D:3      | HP: 7/47 [poisoned by a kobold]
  1853 | D:3      | HP: 5/47 [poisoned by a kobold]
  1858 | D:3      | HP: 3/47 [poisoned by a kobold]
  1865 | D:3      | HP: 2/47 [poisoned by a kobold]
  1873 | D:3      | HP: 2/47 [poisoned by a kobold]
  2259 | D:3      | Noticed Sigmund
  2268 | D:3      | Killed Sigmund
  2268 | D:3      | Reached skill level 5 in Fighting
  2268 | D:3      | Reached skill level 6 in Maces & Flails
  2268 | D:3      | Reached XP level 6. HP: 52/56 MP: 5/5
  2522 | D:3      | Found a burning altar of Makhleb.
  2526 | D:3      | Reached skill level 4 in Dodging
  2591 | D:4      | Found Megreg's Weapon Shop.
  2665 | D:4      | Found an iron altar of Okawaru.
  2774 | D:4      | Noticed Ijyb
  2783 | D:4      | Killed Ijyb
  3130 | D:4      | Found a staircase to the Ecumenical Temple.
  3338 | D:5      | Entered Level 5 of the Dungeon
  3361 | D:5      | Reached skill level 5 in Armour
  3361 | D:5      | Reached XP level 7. HP: 47/61 MP: 6/6
  3638 | D:5      | Found a snail-covered altar of Cheibriados.
  3864 | D:5      | Reached skill level 7 in Maces & Flails
  4563 | D:6      | Found a transporter.
  4565 | D:6      | Noticed a kobold demonologist
  4566 | D:6      | Noticed a kobold demonologist
  4642 | D:6      | Reached *** piety under Trog
  4667 | D:6      | Found a transporter.
  4816 | D:6      | Reached skill level 8 in Maces & Flails
  4816 | D:6      | Reached XP level 8. HP: 70/70 MP: 7/7
  4843 | D:6      | Reached skill level 5 in Dodging
  4995 | D:6      | Reached skill level 6 in Fighting
  4995 | D:6      | Reached skill level 6 in Armour
  5313 | D:6      | Found a stormy altar of Qazlal.
  5526 | D:7      | Reached skill level 9 in Maces & Flails
  5532 | D:7      | Found Wiupp's Antique Armour Shoppe.
  5548 | D:7      | Bought a pair of boots for 130 gold pieces
  5548 | D:7      | Bought a buckler for 130 gold pieces
  5577 | D:7      | Found a radiant altar of Vehumet.
  5675 | D:7      | Reached skill level 1 in Shields
  5804 | D:7      | Reached **** piety under Trog
  6038 | D:7      | Reached skill level 7 in Armour
  6115 | D:7      | Reached skill level 2 in Shields
  6115 | D:7      | Reached XP level 9. HP: 76/78 MP: 8/8
  6157 | D:7      | Reached skill level 7 in Fighting
  6297 | D:7      | Reached skill level 10 in Maces & Flails
  6309 | D:7      | Reached skill level 3 in Shields
  6926 | D:8      | Noticed Prince Ribbit
  6932 | D:8      | Killed Prince Ribbit
  6932 | D:8      | Reached skill level 8 in Fighting
  6932 | D:8      | Reached skill level 8 in Armour
  6932 | D:8      | Reached skill level 4 in Shields
  7009 | D:8      | Reached skill level 11 in Maces & Flails
  7133 | D:8      | Noticed a two-headed ogre
  7148 | D:8      | Killed a two-headed ogre
  7148 | D:8      | Reached skill level 6 in Dodging
  7148 | D:8      | Reached XP level 10. HP: 61/89 MP: 9/9
  7383 | D:8      | Got a faintly humming buckler
  7394 | D:8      | Identified the +3 buckler "Ryduenk" {Dex+3} (You found it on level 8 of the Dungeon)
  7428 | D:8      | Found a shadowy altar of Dithmenos.
  7562 | D:8      | Noticed a two-headed ogre
  7576 | D:8      | Killed a two-headed ogre
  7679 | D:8      | Found a sacrificial altar of Ru.
  7869 | D:8      | Reached skill level 12 in Maces & Flails
  7869 | D:8      | Reached skill level 9 in Armour
  7882 | D:8      | Reached ***** piety under Trog
  7997 | D:8      | Noticed a two-headed ogre
  8010 | D:8      | Killed a two-headed ogre
  8010 | D:8      | Reached skill level 9 in Fighting
  8080 | D:8      | Reached skill level 7 in Dodging
  8458 | D:8      | Reached skill level 13 in Maces & Flails
  8464 | D:8      | Reached XP level 11. HP: 89/99 MP: 10/10
  8488 | D:9      | Received a gift from Trog
  8682 | D:9      | Found a staircase to the Lair.
  8877 | D:9      | You fall through a shaft for 3 floors!
  8891 | D:12     | Noticed Urug
  8923 | D:12     | Killed Urug
  8923 | D:12     | Reached skill level 10 in Armour
  8932 | D:12     | Reached skill level 10 in Fighting
  9054 | D:12     | HP: 16/99 [cyclops (20)]
  9055 | D:12     | Reached skill level 8 in Dodging
  9063 | D:12     | HP: 23/99 [poisoned by a kobold]
  9262 | D:11     | Noticed an unseen horror
  9274 | D:11     | Killed an unseen horror
  9485 | D:11     | Reached skill level 14 in Maces & Flails
  9492 | D:10     | Entered Level 10 of the Dungeon
  9576 | D:10     | Received a gift from Trog
  9626 | D:10     | Found a staircase to the Orcish Mines.
  9763 | D:10     | Noticed a two-headed ogre
  9766 | D:10     | Found a radiant altar of Vehumet.
  9771 | D:10     | Killed a two-headed ogre
  9830 | D:10     | Reached skill level 11 in Fighting
  9845 | D:10     | Noticed Maurice
  9851 | D:10     | Killed Maurice
  9905 | D:10     | Reached skill level 11 in Armour
  9962 | D:10     | Reached XP level 12. HP: 110/110 MP: 3/11
 10236 | D:9      | Reached skill level 9 in Dodging
 10485 | D:9      | Noticed a two-headed ogre
 10493 | D:9      | Killed a two-headed ogre
 10509 | Lair:1   | Entered Level 1 of the Lair of Beasts
 10565 | Lair:1   | Reached skill level 15 in Maces & Flails
 10599 | Lair:1   | Received a gift from Trog
 11213 | Lair:1   | Received a gift from Trog
 11746 | Lair:2   | Reached ****** piety under Trog
 12151 | Lair:2   | Noticed a six-headed hydra
 12160 | Lair:2   | Killed a six-headed hydra
 12197 | Lair:2   | Noticed McSplat's ghost (journeyman KoHu)
 12230 | Lair:2   | Killed McSplat's ghost
 12419 | Lair:2   | Reached skill level 12 in Fighting
 12461 | Lair:2   | Reached skill level 10 in Dodging
 12462 | Lair:2   | Reached skill level 16 in Maces & Flails
 12854 | Lair:2   | Reached skill level 12 in Armour
 12866 | Lair:2   | Found a blossoming altar of Fedhas.
 13102 | Lair:3   | Reached XP level 13. HP: 97/118 MP: 12/12
 13541 | Lair:3   | Received a gift from Trog
 14385 | Lair:4   | Found a staircase to the Snake Pit.
 14708 | Lair:4   | Found a staircase to the Shoals.
 14747 | Lair:4   | Reached skill level 11 in Dodging
 15146 | Lair:5   | Reached skill level 13 in Fighting
 15275 | Lair:5   | Reached skill level 13 in Armour
 15443 | Lair:5   | Found a labyrinth entrance.
 15461 | Lair:5   | Found a staircase to the Slime Pits.
 15463 | Lab      | Entered a labyrinth
 15722 | Lab      | Noticed a minotaur
 15729 | Lab      | Killed a minotaur
 15991 | Lair:5   | Received a gift from Trog
 15998 | Lair:5   | Reached skill level 12 in Dodging
 16038 | Lair:5   | Reached XP level 14. HP: 75/130 MP: 13/13
 16485 | Lair:5   | Reached skill level 14 in Fighting
 16778 | Lair:6   | Entered Level 6 of the Lair of Beasts
 16817 | Lair:6   | Reached skill level 14 in Armour
 17486 | Lair:6   | Found a burning altar of Makhleb.
 17515 | Lair:6   | HP: 31/133 [smoke demon/divine providence (14)]
 17520 | Lair:6   | HP: 22/133 [poisoned by an orange demon]
 17525 | Lair:6   | HP: 21/133 [poisoned by an orange demon]
 17532 | Lair:6   | HP: 15/133 [smoke demon/divine providence (12)]
 17550 | Lair:6   | Received a gift from Trog
 17550 | Lair:6   | Reached skill level 13 in Dodging
 17851 | Lair:6   | Found a gateway to Hell.
 17991 | Lair:6   | Reached skill level 15 in Fighting
 18076 | Lair:6   | Reached skill level 15 in Armour
 19039 | Orc:1    | Entered Level 1 of the Orcish Mines
 19236 | Orc:2    | Entered Level 2 of the Orcish Mines
 19256 | Orc:2    | Received a gift from Trog
 19526 | Orc:2    | Found a staircase to the Elven Halls.
 19816 | Orc:2    | HP: 30/135 [sun demon[an orc high priest] (15)]
 19824 | Orc:2    | HP: 2/135 [orc knight/long sword of holy wrath (17)]
 19824 | Orc:2    | Reached XP level 15. HP: 2/141 MP: 3/14
 19832 | Orc:2    | HP: 26/141 [orc warrior/dire flail (1)]
 19834 | Orc:2    | HP: 11/141 [orc warrior/halberd of protection (18)]
 19835 | Orc:2    | HP: 2/141 [orc priest/divine providence (10)]
 19836 | Orc:2    | Mangled by an orc warrior

Vault maps used:
D:1:      dpeg_arrival_stone_temple_mockup, item_on_display_a
D:2:      serial_park_tiny_2, uniq_crazy_yiuf_cottage, uniq_natasha
D:3:      makhleb_blood_cavern_becter, chequers_ecumenical_altar_simple,
          first_bread, cheibrodos_ashenzari_chains, uniq_sigmund
D:4:      minmay_temple_entry_fiery, serial_shops, nicolae_shop_trees,
          kennysheep_okawaru_gauntlet, uniq_ijyb
D:5:      kennysheep_little_box, grunt_ministairs_12, fountainhead
D:6:      gammafunk_wand_slinger, kennysheep_mini_moat
D:7:      marbit_many_paths, serial_shops, shop, grunt_livestock,
          nrook_mini_vaults
D:8:      nicolae_ru_sacrificial_ziggurat, grunt_dithmenos_smoke,
          disabler_island, uniq_prince_ribbit1
D:9:      erik_lair_island, serial_bayou_ford_a, minmay_lizard_king
D:10:     david_orc_3, basic_altar, uniq_maurice
D:11:     grunt_ministairs_11, minmay_lindwurm_lava, uniq_fannar
D:12:     kennysheep_flooded_box, minmay_diamond_spiral, uniq_urug
Lair:1:   beast_lair_carwin_10, grunt_megastairs_2
Lair:2:   minivault_11, tgw_fedhas
Lair:3:   beast_lair_carwin_8, grunt_megastairs_3
Lair:4:   shoals_dummy_entry, guppyfry_snake_entry_island
Lair:5:   mu_elephants_graveyard, slime_dummy, lab_entry_generic,
          serial_bayou_pond_c
Lair:6:   evil_forest
Orc:1:    uniq_erica
Orc:2:    grunt_orc_tribal_feast
Lab:      labyrinth_hidden_loot, nicolae_lab_starburst, nicolae_lab_plus,
          labyrinth_skeletal_remains, nicolae_lab_dead_end

Skill      XL: |  1  2  3  4  5  6  7  8  9 10 11 12 13 14 |
---------------+-------------------------------------------+-----
Armour         | 3 4 5 7 8 9 11 12 13 15 | 15.3
Maces & Flails | 4 5 6 8 9 11 13 14 16 | 16.4
Fighting       | 4 5 6 8 9 11 12 13 15 | 15.5
Dodging        | 3 4 5 6 7 8 10 12 13 | 13.9
Shields        | 2 4 |  4.1

Action                   |  1- 3 |  4- 6 |  7- 9 | 10-12 | 13-15 || total
-------------------------+-------+-------+-------+-------+-------++-------
Melee: Mace              |    52 |     4 |       |    20 |       ||    76
       Headbutt          |     8 |    15 |    51 |   222 |   300 ||   596
       Flail             |       |    97 |   262 |   737 |    60 ||  1156
       Morningstar       |       |       |       |       |   794 ||   794
Invok: Berserk           |     1 |       |       |       |       ||     1
       Trog's Hand       |       |     1 |     1 |     2 |     4 ||     8
       Brothers in Arms  |       |       |       |       |     3 ||     3
  Use: Scroll            |       |     7 |     7 |     5 |     9 ||    28
       Potion            |       |       |       |       |     5 ||     5
  Eat: Chunk             |       |     9 |    11 |    21 |    17 ||    58
       Fruit             |       |       |     2 |     1 |     1 ||     4
       Royal jelly       |       |       |       |     1 |     3 ||     4
Armor: Animal skin       |     3 |       |       |       |       ||     3
       Ring mail         |    18 |    26 |    13 |       |       ||    57
       Plate armour      |       |       |    99 |   327 |   396 ||   822
Dodge: Dodged            |    42 |    74 |    99 |   307 |   440 ||   962
Block: Buckler           |       |       |    22 |   283 |   309 ||   614

Vault maps used:
D:1:      dpeg_arrival_stone_temple_mockup, item_on_display_a
D:2:      serial_park_tiny_2, uniq_crazy_yiuf_cottage, uniq_natasha
D:3:      makhleb_blood_cavern_becter, chequers_ecumenical_altar_simple,
          first_bread, cheibrodos_ashenzari_chains, uniq_sigmund
D:4:      minmay_temple_entry_fiery, serial_shops, nicolae_shop_trees,
          kennysheep_okawaru_gauntlet, uniq_ijyb
D:5:      kennysheep_little_box, grunt_ministairs_12, fountainhead
D:6:      gammafunk_wand_slinger, kennysheep_mini_moat
D:7:      marbit_many_paths, serial_shops, shop, grunt_livestock,
          nrook_mini_vaults
D:8:      nicolae_ru_sacrificial_ziggurat, grunt_dithmenos_smoke,
          disabler_island, uniq_prince_ribbit1
D:9:      erik_lair_island, serial_bayou_ford_a, minmay_lizard_king
D:10:     david_orc_3, basic_altar, uniq_maurice
D:11:     grunt_ministairs_11, minmay_lindwurm_lava, uniq_fannar
D:12:     kennysheep_flooded_box, minmay_diamond_spiral, uniq_urug
Lair:1:   beast_lair_carwin_10, grunt_megastairs_2
Lair:2:   minivault_11, tgw_fedhas
Lair:3:   beast_lair_carwin_8, grunt_megastairs_3
Lair:4:   shoals_dummy_entry, guppyfry_snake_entry_island
Lair:5:   mu_elephants_graveyard, slime_dummy, lab_entry_generic,
          serial_bayou_pond_c
Lair:6:   evil_forest
Orc:1:    uniq_erica
Orc:2:    grunt_orc_tribal_feast
Lab:      labyrinth_hidden_loot, nicolae_lab_starburst, nicolae_lab_plus,
          labyrinth_skeletal_remains, nicolae_lab_dead_end

Table legend:
 A = Turns spent in this place as a percentage of turns spent in the entire game.
 B = Non-inter-level travel turns spent in this place as a percentage of non-inter-level travel turns spent in the entire game.
 C = Inter-level travel turns spent in this place as a percentage of turns spent in this place.
 D = Turns resting spent in this place as a percentage of non-inter-level travel turns spent in this place.
 E = Turns spent auto-exploring this place as a percentage of non-inter-level travel turns spent in this place.
 F = Non-inter-level travel turns spent in this place divided by the number of levels of this place that you've seen.
                   A       B       C       D       E      F
               +-------+-------+-------+-------+-------+----------------------
         Total | 100.0 | 100.0 |   1.0 |   2.9 |   9.9 | 242.4
       Dungeon |  50.3 |  50.0 |   1.6 |   2.8 |  12.6 | 212.0
          Lair |  38.5 |  38.6 |   0.6 |   3.8 |   7.5 | 327.7
  Orcish Mines |   4.9 |   5.0 |   0.4 |   1.2 |  13.4 | 126.5
     Labyrinth |   6.4 |   6.4 |   0.0 |   0.0 |   0.0 | 327.0
               +-------+-------+-------+-------+-------+----------------------

Table legend:
 A = Kills in this place as a percentage of kills in entire the game.
 B = Kills by you in this place as a percentage of kills by you in the entire game.
 C = Kills by friends in this place as a percentage of kills by friends in the entire game.
 D = Other kills in this place as a percentage of other kills in the entire game.
 E = Experience gained in this place as a percentage of experience gained in the entire game.
 F = Experience gained in this place divided by the number of levels of this place that you have seen.
                   A       B       C       D       E      F
               +-------+-------+-------+-------+-------+----------------------
         Total | 100.0 | 100.0 | 100.0 | 100.0 | 100.0 | 4974.8
       Dungeon |  53.5 |  55.4 |   0.0 |   0.0 |  23.5 | 2049.5
          Lair |  35.7 |  36.6 |  11.1 |   0.0 |  69.6 | 12116.0
  Orcish Mines |   9.9 |   7.1 |  88.9 | 100.0 |   5.0 | 2632.0
     Labyrinth |   0.9 |   0.9 |   0.0 |   0.0 |   1.8 | 1917.0
               +-------+-------+-------+-------+-------+----------------------
